Drummondville Voltigeurs vs Rimouski Oceanic

Created - 19 décembre 2017 at 19:16

Goals
1 2 3 T
Drummondville Voltigeurs 0 1 4 5
Rimouski Oceanic 0 0 3 3
Shots
1 2 3 T
Drummondville Voltigeurs 3 7 17 27
Rimouski Oceanic 1 8 9 18

1st period

No Goal

Penalties :
Steven Fogarty (OCE) for Fighting (Major) at 0:52, Sergei Boikov (VOL) for Fighting (Major) at 0:52

2nd period

1. Drummondville Voltigeurs , Curtis McKenzie 8 (Phillip Di Guiseppe 25, Seth Helgeson 4) at 11:27

Penalties :
No Penalty

3rd period

2. Rimouski Oceanic , Bobby Farnham 15 (Mikkel Aagaard 13, Steven Fogarty 11) at 1:20
3. Drummondville Voltigeurs , Tye McGinn 22 (Phillip Di Guiseppe 26) at 4:53
4. Drummondville Voltigeurs , Jean-Sebastien Dea 5 (Nick Sorensen 7, Tye McGinn 27) at 10:55
5. Drummondville Voltigeurs , Chris Thorburn 1 (Derek Grant 24, Kevin Connauton 13) at 11:31
6. Drummondville Voltigeurs , Chris Thorburn 2 (Julius Honka 16, Derek Grant 25) at 14:06 (PP)
7. Rimouski Oceanic , Zach Sanford 17 (Jordan Nolan 22, Nick Paul 25) at 14:39 (PP)
8. Rimouski Oceanic , Alexandre Ranger 4 (Zach Redmond 21, Zach Sanford 15) at 18:31

Penalties :
Jordan Nolan (OCE) for Charging (Minor) at 4:59, Joe Whitney (OCE) for Roughing (Minor) at 14:03, Riley Barber (OCE) for Fighting (Major) at 14:23, Tye McGinn (VOL) for Fighting (Major) at 14:23, Tye McGinn (VOL) for instigated a fight (Minor) at 14:23, Tye McGinn (VOL) for instigated a fight (10 Minutes Misconduct) at 14:23

Goalie Stats

Nick Ellis (VOL), 15 saves from 18 shots - (0,833), W, 13-9-2, 60:00 minutes
Parker Milner (OCE), 22 saves from 27 shots - (0,815), L, 5-11-0, 60:00 minutes

Players Stats for Drummondville Voltigeurs

Player Name              G  A  P  +/- PIM S  H  SB GA TA FO     MP     PP MP  PK MP  
------------------------------------------------------------------------------------
Alex Grant               0  0  0  -1  0   0  1  2  0  2  0/0    22:24   1:16   0:16 
Chris Thorburn           2  0  2   0  0   3  4  0  0  0  0/1    18:07   0:54   0:00 
Curtis McKenzie          1  0  1   1  0   5  1  0  3  0  2/2    21:20   1:00   0:16 
Derek Grant              0  2  2   0  0   2  2  0  0  0  3/10   18:02   0:54   0:00 
Jean-Sebastien Dea       1  0  1   0  0   3  1  1  0  0  3/7    16:31   0:08   0:00 
Julius Honka             0  1  1   2  0   1  0  0  0  0  0/0    18:47   0:46   0:00 
Kevin Connauton          0  1  1  -1  0   4  4  2  0  1  0/0    25:16   1:16   0:16 
Kevin Rooney             0  0  0   1  0   0  1  0  0  0  1/1    15:18   0:08   0:00 
Kevin Tansey             0  0  0   1  0   1  1  0  0  3  0/0    14:16   0:00   0:00 
Mark Olver               0  0  0   0  0   0  1  0  0  0  1/2    10:13   0:00   0:00 
Mike Downing             0  0  0   0  0   0  1  0  0  0  0/0     7:18   0:00   0:00 
Nick Sorensen            0  1  1   1  0   0  2  1  2  0  0/0    15:02   0:08   0:00 
Phillip Di Guiseppe      0  2  2   1  0   3  1  1  2  0  0/2    19:14   1:00   0:16 
Sam Henley               0  0  0   0  0   0  2  0  0  0  0/0     9:58   0:00   0:00 
Sergei Boikov            0  0  0   1  5   0  0  1  0  0  0/0    13:57   0:00   0:00 
Seth Helgeson            0  1  1   2  0   1  2  0  0  1  0/0    18:47   0:46   0:00 
Tye McGinn               1  1  2   2  17  2  1  0  1  0  6/22   17:12   1:00   0:00 
Tyler Pitlick            0  0  0   0  0   2  1  0  0  0  0/0    18:00   0:54   0:00 

Players Stats for Rimouski Oceanic

Player Name              G  A  P  +/- PIM S  H  SB GA TA FO     MP     PP MP  PK MP  
------------------------------------------------------------------------------------
Alexandre Ranger         1  0  1  -1  0   2  1  0  0  1  0/0    13:56   0:00   0:00 
Andreas Englund          0  0  0   0  0   0  1  0  0  0  0/0    11:43   0:00   0:00 
Bobby Farnham            1  0  1  -1  0   2  2  1  2  0  1/1    18:56   0:00   0:29 
Dylan Blujus             0  0  0   0  0   0  0  0  0  0  0/0    13:26   0:00   0:00 
Garrett Noonan           0  0  0   0  0   0  0  0  0  0  0/0     7:38   0:00   0:00 
Joe Whitney              0  0  0   0  2   0  3  0  0  0  0/0    10:58   0:00   0:00 
Jordan Nolan             0  1  1   0  2   4  4  1  2  1  1/1    20:16   0:16   0:00 
Kyle Burroughs           0  0  0   0  0   0  0  0  0  0  0/0     1:27   0:00   0:00 
Loic Leduc               0  0  0   0  0   0  0  0  0  0  0/0     7:38   0:00   0:00 
Marco Roy                0  0  0  -1  0   1  1  0  2  1  3/5    15:21   0:00   0:51 
Mark Alt                 0  0  0  -2  0   0  0  0  0  0  0/0    17:33   0:00   1:02 
Mattias Backman          0  0  0  -2  0   0  0  0  0  0  0/0    17:33   0:00   1:02 
Mikkel Aagaard           0  1  1  -1  0   0  2  0  0  0  0/0    17:23   0:00   0:00 
Nick Paul                0  1  1   0  0   1  2  0  0  0  14/25  23:17   0:16   1:06 
Riley Barber             0  0  0   0  5   4  0  0  0  2  0/1    20:34   0:00   0:59 
Steven Fogarty           0  1  1  -1  5   0  0  2  0  0  11/13  16:55   0:00   0:11 
Taylor Fedun             0  0  0   0  0   1  0  1  1  1  0/0    23:19   0:16   1:00 
Zach Redmond             0  1  1   0  0   0  1  1  0  1  0/0    23:19   0:16   1:00 
Zach Sanford             1  1  2  -1  0   3  1  0  0  1  1/1    16:42   0:16   0:28 

3 Stars

1 - Chris Thorburn (VOL)
2 - Phillip Di Guiseppe (VOL)
3 - Curtis McKenzie (VOL)

Power Play

Drummondville Voltigeurs - 1 on 2 Attempt(s) - 50,00%
Rimouski Oceanic - 1 on 1 Attempt(s) - 100,00%

Penalty Kill

Drummondville Voltigeurs - 0 on 1 Attempt(s) - 0,00% - Score 0 goal in Penalty Kill
Rimouski Oceanic - 1 on 2 Attempt(s) - 50,00% - Score 0 goal in Penalty Kill

Team Stat

Drummondville Voltigeurs - Hits : 26 - Faceoff Wins : 16 - Blocked Shots : 8 - Penalty Minutes : 22
Rimouski Oceanic - Hits : 18 - Faceoff Wins : 31 - Blocked Shots : 6 - Penalty Minutes : 14

Official

Referees : Francois StLaurent and Tom Chmielewski
Linesman : Jonny Murray and Shandor Alphonso

Game Notes

Sergei Boikov beats up Steven Fogarty at 0:52 of 1st period
Tye McGinn beats up Riley Barber at 14:23 of 3rd period

Finance

Level 1 -- Attendance: 1633 (81,65%) -- Ticket Income 57 155 $
Level 2 -- Attendance: 730 (73,00%) -- Ticket Income 10 950 $
Total Attendance: 2363 (78,77%)
Total Ticket Income: 68 105 $
Other Income: 33 371 $
Total Income: 101 476 $

Drummondville Voltigeurs

5 vs 5 Forward 
   Center                   Left Wing                Right Wing               Time % Phy DF OF 
 1 Tye McGinn               Curtis McKenzie          Phillip Di Guiseppe      40     1   2  2  
 2 Derek Grant              Chris Thorburn           Tyler Pitlick            30     1   2  2  
 3 Jean-Sebastien Dea       Kevin Rooney             Nick Sorensen            20     1   2  2  
 4 Mark Olver               Sam Henley               Curtis McKenzie          10     1   2  2  

5 vs 5 Defense 
   Defense                  Defense                                           Time % Phy DF OF 
 1 Kevin Connauton          Alex Grant                                        40     1   2  2  
 2 Julius Honka             Seth Helgeson                                     30     1   2  2  
 3 Sergei Boikov            Kevin Tansey                                      20     1   2  2  
 4 Mike Downing             Kevin Connauton                                   10     1   2  2  

PowerPlay Forward 
   Center                   Left Wing                Right Wing               Time % Phy DF OF 
 1 Tye McGinn               Curtis McKenzie          Phillip Di Guiseppe      60     1   2  2  
 2 Derek Grant              Chris Thorburn           Tyler Pitlick            40     1   2  2  

PowerPlay Defense
   Defense                  Defense                                           Time % Phy DF OF 
 1 Kevin Connauton          Alex Grant                                        60     1   2  2  
 2 Julius Honka             Seth Helgeson                                     40     1   2  2  

Penalty Kill 4 Players Forward 
   Center                   Wing                     Time % Phy DF OF 
 1 Curtis McKenzie          Phillip Di Guiseppe      60     1   2  2  
 2 Tye McGinn               Derek Grant              40     1   2  2  

Penalty Kill 4 Players Defense
   Defense                  Defense                  Time % Phy DF OF 
 1 Kevin Connauton          Alex Grant               60     1   2  2  
 2 Julius Honka             Seth Helgeson            40     1   2  2  

Penalty Kill - 3 Players Forward 
   Forward                                           Time % Phy DF OF 
 1 Curtis McKenzie                                   60     1   2  2  
 2 Phillip Di Guiseppe                               40     1   2  2  

Penalty Kill - 3 Players Defense
   Defense                  Defense                  Time % Phy DF OF 
 1 Kevin Connauton          Alex Grant               60     1   2  2  
 2 Julius Honka             Seth Helgeson            40     1   2  2  

4 vs 4 Forward 
   Center                   Wing                     Time % Phy DF OF 
 1 Curtis McKenzie          Phillip Di Guiseppe      60     1   2  2  
 2 Tye McGinn               Derek Grant              40     1   2  2  

4 vs 4 Defense
   Defense                  Defense                  Time % Phy DF OF 
 1 Kevin Connauton          Alex Grant               60     1   2  2  
 2 Julius Honka             Seth Helgeson            40     1   2  2  

Last Minutes Offensive
   Center                   Left Wing                Right Wing               Defense                  Defense                  
   Tye McGinn               Curtis McKenzie          Phillip Di Guiseppe      Kevin Connauton          Alex Grant               

Last Minutes Defensive
   Center                   Left Wing                Right Wing               Defense                  Defense                  
   Tye McGinn               Curtis McKenzie          Phillip Di Guiseppe      Kevin Connauton          Alex Grant               

Goaltenders
Starting : Nick Ellis               
Backup : Adam Wilcox              

Extra Forwards
Normal : Jean-Sebastien Dea, Nick Sorensen, Kevin Rooney - PP : Jean-Sebastien Dea, Nick Sorensen - PK : Kevin Rooney
Extra Defensemen
Normal : Sergei Boikov, Kevin Tansey, Mike Downing - PP : Sergei Boikov - PK : Kevin Tansey, Mike Downing
Penalty Shots
Curtis McKenzie, Phillip Di Guiseppe, Tye McGinn, Derek Grant, Chris Thorburn

Scratches
Ahti Oksanen (Healthy), Joe Cannata (Healthy)

Rimouski Oceanic

5 vs 5 Forward 
   Center                   Left Wing                Right Wing               Time % Phy DF OF 
 1 Nick Paul                Riley Barber             Jordan Nolan             40     1   2  2  
 2 Steven Fogarty           Bobby Farnham            Mikkel Aagaard           30     1   2  2  
 3 Marco Roy                Zach Sanford             Alexandre Ranger         20     1   2  2  
 4 Nick Paul                Joe Whitney              Riley Barber             10     1   2  2  

5 vs 5 Defense 
   Defense                  Defense                                           Time % Phy DF OF 
 1 Zach Redmond             Taylor Fedun                                      40     1   2  2  
 2 Mark Alt                 Mattias Backman                                   30     1   2  2  
 3 Andreas Englund          Dylan Blujus                                      20     1   2  2  
 4 Loic Leduc               Garrett Noonan                                    10     1   2  2  

PowerPlay Forward 
   Center                   Left Wing                Right Wing               Time % Phy DF OF 
 1 Nick Paul                Riley Barber             Jordan Nolan             60     1   2  2  
 2 Steven Fogarty           Bobby Farnham            Mikkel Aagaard           40     1   2  2  

PowerPlay Defense
   Defense                  Defense                                           Time % Phy DF OF 
 1 Zach Redmond             Taylor Fedun                                      60     1   2  2  
 2 Mark Alt                 Mattias Backman                                   40     1   2  2  

Penalty Kill 4 Players Forward 
   Center                   Wing                     Time % Phy DF OF 
 1 Nick Paul                Riley Barber             60     1   2  2  
 2 Jordan Nolan             Bobby Farnham            40     1   2  2  

Penalty Kill 4 Players Defense
   Defense                  Defense                  Time % Phy DF OF 
 1 Zach Redmond             Taylor Fedun             60     1   2  2  
 2 Mark Alt                 Mattias Backman          40     1   2  2  

Penalty Kill - 3 Players Forward 
   Forward                                           Time % Phy DF OF 
 1 Nick Paul                                         60     1   2  2  
 2 Riley Barber                                      40     1   2  2  

Penalty Kill - 3 Players Defense
   Defense                  Defense                  Time % Phy DF OF 
 1 Zach Redmond             Taylor Fedun             60     1   2  2  
 2 Mark Alt                 Mattias Backman          40     1   2  2  

4 vs 4 Forward 
   Center                   Wing                     Time % Phy DF OF 
 1 Nick Paul                Riley Barber             60     1   2  2  
 2 Jordan Nolan             Bobby Farnham            40     1   2  2  

4 vs 4 Defense
   Defense                  Defense                  Time % Phy DF OF 
 1 Zach Redmond             Taylor Fedun             60     1   2  2  
 2 Mark Alt                 Mattias Backman          40     1   2  2  

Last Minutes Offensive
   Center                   Left Wing                Right Wing               Defense                  Defense                  
   Nick Paul                Riley Barber             Jordan Nolan             Zach Redmond             Taylor Fedun             

Last Minutes Defensive
   Center                   Left Wing                Right Wing               Defense                  Defense                  
   Nick Paul                Riley Barber             Jordan Nolan             Zach Redmond             Taylor Fedun             

Goaltenders
Starting : Parker Milner            
Backup : Justin Peters            

Extra Forwards
Normal : Zach Sanford, Joe Whitney, Marco Roy - PP : Zach Sanford, Joe Whitney - PK : Marco Roy
Extra Defensemen
Normal : Kyle Burroughs, Andreas Englund, Dylan Blujus - PP : Kyle Burroughs - PK : Andreas Englund, Dylan Blujus
Penalty Shots
Nick Paul, Riley Barber, Jordan Nolan, Bobby Farnham, Zach Sanford

Scratches
Scooter Vaughan (Healthy), Ethan Werek (Healthy), Christoph Bertschy (Healthy), Shane Harper (Healthy), Ben Marshall (Healthy)
Patrice Cormier (Healthy), Jeremy Smith (Healthy)

% Time on Ice - Drummondville Voltigeurs

Lines # - Real PCT - Wanted PCT - Time Play
Normal Forward
1 - 32% - 40% - 18:13
2 - 31% - 30% - 18:01
3 - 21% - 20% - 12:04
4 - 16% - 10% - 9:24
Normal Defense
1 - 36% - 40% - 20:52
2 - 31% - 30% - 18:01
3 - 24% - 20% - 14:01
4 - 8% - 10% - 4:48
PP Forward
1 - 56% - 60% - 1:08
2 - 44% - 40% - 0:54
PP Defense
1 - 62% - 60% - 1:16
2 - 38% - 40% - 0:46
PK Forward
1 - 100% - 60% - 0:16
2 - 0% - 40% - 0:00
PK Defense
1 - 100% - 60% - 0:16
2 - 0% - 40% - 0:00
PK3 Forward
1 - 0% - 60%
2 - 0% - 40%
PK3 Defense
1 - 0% - 60%
2 - 0% - 40%
44 Forward
1 - 0% - 60%
2 - 0% - 40%
44 Defense
1 - 0% - 60%
2 - 0% - 40%
Last Minute Offensive  - 0:00
Last Minute Defensive  - 0:00
Total
Forward - 60:00
Defense - 60:00

% Time on Ice - Rimouski Oceanic

Lines # - Real PCT - Wanted PCT - Time Play
Normal Forward
1 - 35% - 40% - 19:57
2 - 32% - 30% - 18:20
3 - 23% - 20% - 13:21
4 - 11% - 10% - 6:04
Normal Defense
1 - 38% - 40% - 21:57
2 - 29% - 30% - 16:31
3 - 20% - 20% - 11:36
4 - 13% - 10% - 7:38
PP Forward
1 - 100% - 60% - 0:16
2 - 0% - 40% - 0:00
PP Defense
1 - 100% - 60% - 0:16
2 - 0% - 40% - 0:00
PK Forward
1 - 76% - 60% - 1:33
2 - 24% - 40% - 0:29
PK Defense
1 - 49% - 60% - 1:00
2 - 51% - 40% - 1:02
PK3 Forward
1 - 0% - 60%
2 - 0% - 40%
PK3 Defense
1 - 0% - 60%
2 - 0% - 40%
44 Forward
1 - 0% - 60%
2 - 0% - 40%
44 Defense
1 - 0% - 60%
2 - 0% - 40%
Last Minute Offensive  - 0:00
Last Minute Defensive  - 0:00
Total
Forward - 60:00
Defense - 60:00

Play by Play

1st period


0:01 of 1st period - Nick Paul wins face-off versus Tye McGinn in neutral zone.
0:22 of 1st period - Taylor Fedun is hit by Kevin Connauton.
0:39 of 1st period - Icing by Steven Fogarty.
0:40 of 1st period - Bobby Farnham wins face-off versus Jean-Sebastien Dea in Rimouski Oceanic zone.
0:52 of 1st period - Sergei Boikov beats up Steven Fogarty.
0:52 of 1st period - Penalty to Steven Fogarty for Fighting.
0:52 of 1st period - Penalty to Sergei Boikov for Fighting.
0:53 of 1st period - Mark Olver wins face-off versus Marco Roy in Rimouski Oceanic zone.
1:02 of 1st period - Wrist shot by Curtis McKenzie.
1:02 of 1st period - Stopped by Parker Milner with a rebound.
1:08 of 1st period - Mark Alt is hit by Mark Olver and loses puck.
1:23 of 1st period - Wrist shot by Riley Barber.
1:23 of 1st period - Deflect By Nick Paul.
1:23 of 1st period - Stopped by Nick Ellis with a rebound.
2:02 of 1st period - Slapshot by Curtis McKenzie.
2:02 of 1st period - Stopped by Parker Milner with a rebound.
2:04 of 1st period - Snap shot by Phillip Di Guiseppe.
2:04 of 1st period - Shot Misses the Net.
2:29 of 1st period - Alexandre Ranger is hit by Kevin Tansey and loses puck.
2:51 of 1st period - Kevin Rooney is hit by Joe Whitney and loses puck.
3:04 of 1st period - Dylan Blujus is hit by Kevin Connauton.
3:08 of 1st period - Slapshot by Julius Honka.
3:08 of 1st period - Shot Blocked by Jordan Nolan.
3:45 of 1st period - Alexandre Ranger is hit by Curtis McKenzie and loses puck.
6:19 of 1st period - Phillip Di Guiseppe is hit by Mikkel Aagaard.
6:23 of 1st period - Dylan Blujus is hit by Tye McGinn.
6:57 of 1st period - Jordan Nolan is hit by Jean-Sebastien Dea and loses puck.
7:04 of 1st period - Kevin Rooney is hit by Zach Redmond and loses puck.
8:24 of 1st period - Mattias Backman is hit by Nick Sorensen.
11:11 of 1st period - Alexandre Ranger is hit by Sam Henley and loses puck.
13:26 of 1st period - Wrist shot by Jean-Sebastien Dea.
13:26 of 1st period - Stopped by Parker Milner without a rebound.
13:27 of 1st period - Nick Paul wins face-off versus Derek Grant in Rimouski Oceanic zone.
15:07 of 1st period - Curtis McKenzie is hit by Bobby Farnham.
15:47 of 1st period - Sam Henley is hit by Mikkel Aagaard and loses puck.
16:51 of 1st period - Mikkel Aagaard is hit by Derek Grant.
17:52 of 1st period - Seth Helgeson is hit by Nick Paul and loses puck.
18:28 of 1st period - Bobby Farnham is hit by Chris Thorburn and loses puck.
18:41 of 1st period - Kevin Rooney is hit by Alexandre Ranger and loses puck.
19:28 of 1st period - Wrist shot by Curtis McKenzie.
19:28 of 1st period - Shot Misses the Net.
Goals for this period are 0 for Drummondville Voltigeurs vs 0 for Rimouski Oceanic.
Shots for this period are 3 for Drummondville Voltigeurs vs 1 for Rimouski Oceanic.

2nd period


0:01 of 2nd period - Nick Paul wins face-off versus Tye McGinn in neutral zone.
0:06 of 2nd period - Snap shot by Jordan Nolan.
0:06 of 2nd period - Stopped by Nick Ellis with a rebound.
0:08 of 2nd period - Snap shot by Riley Barber.
0:08 of 2nd period - Stopped by Nick Ellis without a rebound.
0:09 of 2nd period - Nick Paul wins face-off versus Tye McGinn in Drummondville Voltigeurs zone.
0:10 of 2nd period - Snap shot by Riley Barber.
0:10 of 2nd period - Stopped by Nick Ellis without a rebound.
0:11 of 2nd period - Nick Paul wins face-off versus Phillip Di Guiseppe in Drummondville Voltigeurs zone.
0:12 of 2nd period - Snap shot by Jordan Nolan.
0:12 of 2nd period - Stopped by Nick Ellis with a rebound.
0:18 of 2nd period - Riley Barber is hit by Kevin Connauton and loses puck.
0:25 of 2nd period - Snap shot by Phillip Di Guiseppe.
0:25 of 2nd period - Shot Misses the Net.
0:27 of 2nd period - Wrist shot by Phillip Di Guiseppe.
0:27 of 2nd period - Shot Misses the Net.
1:10 of 2nd period - Sergei Boikov is hit by Zach Sanford and loses puck.
1:40 of 2nd period - Snap shot by Tyler Pitlick.
1:40 of 2nd period - Shot Blocked by Steven Fogarty.
1:42 of 2nd period - Wrist shot by Chris Thorburn.
1:42 of 2nd period - Stopped by Parker Milner with a rebound.
1:54 of 2nd period - Julius Honka is hit by Joe Whitney and loses puck.
2:35 of 2nd period - Derek Grant is hit by Nick Paul and loses puck.
2:51 of 2nd period - Off-side.
2:52 of 2nd period - Steven Fogarty wins face-off versus Tye McGinn in neutral zone.
3:23 of 2nd period - Snap shot by Jordan Nolan.
3:23 of 2nd period - Stopped by Nick Ellis without a rebound.
3:24 of 2nd period - Jean-Sebastien Dea wins face-off versus Nick Paul in Drummondville Voltigeurs zone.
3:53 of 2nd period - Wrist shot by Jean-Sebastien Dea.
3:53 of 2nd period - Stopped by Parker Milner with a rebound.
3:59 of 2nd period - Slapshot by Jordan Nolan.
3:59 of 2nd period - Shot Blocked by Jean-Sebastien Dea.
4:01 of 2nd period - Slapshot by Zach Redmond.
4:01 of 2nd period - Shot Misses the Net.
4:03 of 2nd period - Slapshot by Zach Redmond.
4:03 of 2nd period - Shot Misses the Net.
4:05 of 2nd period - Wrist shot by Riley Barber.
4:05 of 2nd period - Shot Misses the Net.
4:07 of 2nd period - Snap shot by Nick Paul.
4:07 of 2nd period - Shot Misses the Net.
4:09 of 2nd period - Slapshot by Riley Barber.
4:09 of 2nd period - Shot Misses the Net.
4:13 of 2nd period - Wrist shot by Riley Barber.
4:13 of 2nd period - Shot Blocked by Kevin Connauton.
4:41 of 2nd period - Wrist shot by Jordan Nolan.
4:41 of 2nd period - Shot Misses the Net.
4:43 of 2nd period - Slapshot by Zach Redmond.
4:43 of 2nd period - Shot Blocked by Kevin Connauton.
4:45 of 2nd period - Slapshot by Taylor Fedun.
4:45 of 2nd period - Deflect By Riley Barber.
4:45 of 2nd period - Shot Blocked by Alex Grant.
4:45 of 2nd period - Puck is out of play.
4:46 of 2nd period - Steven Fogarty wins face-off versus Phillip Di Guiseppe in Drummondville Voltigeurs zone.
4:47 of 2nd period - Snap shot by Bobby Farnham.
4:47 of 2nd period - Shot Misses the Net.
5:11 of 2nd period - Marco Roy is hit by Seth Helgeson and loses puck.
5:20 of 2nd period - Wrist shot by Alexandre Ranger.
5:20 of 2nd period - Stopped by Nick Ellis with a rebound.
7:44 of 2nd period - Sam Henley is hit by Joe Whitney and loses puck.
8:34 of 2nd period - Icing by Alex Grant.
8:35 of 2nd period - Steven Fogarty wins face-off versus Jean-Sebastien Dea in Drummondville Voltigeurs zone.
9:08 of 2nd period - Snap shot by Derek Grant.
9:08 of 2nd period - Shot Blocked by Taylor Fedun.
9:10 of 2nd period - Snap shot by Julius Honka.
9:10 of 2nd period - Shot Misses the Net.
9:12 of 2nd period - Slapshot by Julius Honka.
9:12 of 2nd period - Shot Blocked by Bobby Farnham.
9:14 of 2nd period - Slapshot by Seth Helgeson.
9:14 of 2nd period - Deflect By Derek Grant.
9:14 of 2nd period - Stopped by Parker Milner with a rebound.
9:47 of 2nd period - Snap shot by Phillip Di Guiseppe.
9:47 of 2nd period - Shot Misses the Net.
10:05 of 2nd period - Dylan Blujus is hit by Sam Henley and loses puck.
10:39 of 2nd period - Off-side.
10:40 of 2nd period - Steven Fogarty wins face-off versus Tye McGinn in neutral zone.
10:52 of 2nd period - Wrist shot by Tye McGinn.
10:52 of 2nd period - Shot Blocked by Steven Fogarty.
10:54 of 2nd period - Snap shot by Tye McGinn.
10:54 of 2nd period - Shot Misses the Net.
11:04 of 2nd period - Kevin Tansey is hit by Jordan Nolan and loses puck.
11:11 of 2nd period - Slapshot by Tyler Pitlick.
11:11 of 2nd period - Stopped by Parker Milner without a rebound.
11:12 of 2nd period - Marco Roy wins face-off versus Tye McGinn in Rimouski Oceanic zone.
11:27 of 2nd period - Snap shot by Curtis McKenzie.
11:27 of 2nd period - Goal by Curtis McKenzie - Drummondville Voltigeurs : 1 - Rimouski Oceanic : 0.
11:28 of 2nd period - Nick Paul wins face-off versus Tye McGinn in neutral zone.
11:32 of 2nd period - Icing by Tye McGinn.
11:33 of 2nd period - Nick Paul wins face-off versus Tye McGinn in Drummondville Voltigeurs zone.
11:34 of 2nd period - Wrist shot by Riley Barber.
11:34 of 2nd period - Stopped by Nick Ellis without a rebound.
11:35 of 2nd period - Nick Paul wins face-off versus Tye McGinn in Drummondville Voltigeurs zone.
12:14 of 2nd period - Wrist shot by Jordan Nolan.
12:14 of 2nd period - Stopped by Nick Ellis with a rebound.
13:37 of 2nd period - Slapshot by Tye McGinn.
13:37 of 2nd period - Stopped by Parker Milner with a rebound.
13:39 of 2nd period - Backhand shot by Phillip Di Guiseppe.
13:39 of 2nd period - Stopped by Parker Milner without a rebound.
13:40 of 2nd period - Steven Fogarty wins face-off versus Derek Grant in Rimouski Oceanic zone.
13:40 of 2nd period - Steven Fogarty is hit by Chris Thorburn.
14:06 of 2nd period - Kevin Rooney is hit by Marco Roy and loses puck.
16:29 of 2nd period - Steven Fogarty is hit by Nick Sorensen and loses puck.
18:48 of 2nd period - Riley Barber is hit by Mike Downing.
19:19 of 2nd period - Icing by Nick Sorensen.
19:20 of 2nd period - Steven Fogarty wins face-off versus Tye McGinn in Drummondville Voltigeurs zone.
19:29 of 2nd period - Alexandre Ranger is hit by Tyler Pitlick and loses puck.
Goals for this period are 1 for Drummondville Voltigeurs vs 0 for Rimouski Oceanic.
Shots for this period are 7 for Drummondville Voltigeurs vs 8 for Rimouski Oceanic.

3rd period


0:01 of 3rd period - Tye McGinn wins face-off versus Nick Paul in neutral zone.
0:04 of 3rd period - Slapshot by Kevin Connauton.
0:04 of 3rd period - Deflect By Taylor Fedun.
0:04 of 3rd period - Stopped by Parker Milner with a rebound.
0:09 of 3rd period - Off-side.
0:10 of 3rd period - Tye McGinn wins face-off versus Nick Paul in neutral zone.
0:25 of 3rd period - Snap shot by Jordan Nolan.
0:25 of 3rd period - Deflect By Riley Barber.
0:25 of 3rd period - Shot Blocked by Alex Grant.
0:25 of 3rd period - Puck is out of play.
0:26 of 3rd period - Derek Grant wins face-off versus Steven Fogarty in Drummondville Voltigeurs zone.
0:40 of 3rd period - Taylor Fedun is hit by Chris Thorburn and loses puck.
0:46 of 3rd period - Icing by Zach Redmond.
0:47 of 3rd period - Steven Fogarty wins face-off versus Tye McGinn in Rimouski Oceanic zone.
0:51 of 3rd period - Off-side.
0:52 of 3rd period - Tye McGinn wins face-off versus Nick Paul in neutral zone.
0:57 of 3rd period - Snap shot by Phillip Di Guiseppe.
0:57 of 3rd period - Stopped by Parker Milner with a rebound.
1:16 of 3rd period - Off-side.
1:17 of 3rd period - Steven Fogarty wins face-off versus Derek Grant in neutral zone.
1:20 of 3rd period - Slapshot by Bobby Farnham.
1:20 of 3rd period - Goal by Bobby Farnham - Drummondville Voltigeurs : 1 - Rimouski Oceanic : 1.
1:21 of 3rd period - Nick Paul wins face-off versus Tye McGinn in neutral zone.
1:35 of 3rd period - Icing by Riley Barber.
1:36 of 3rd period - Jordan Nolan wins face-off versus Derek Grant in Rimouski Oceanic zone.
2:02 of 3rd period - Snap shot by Riley Barber.
2:02 of 3rd period - Stopped by Nick Ellis with a rebound.
2:50 of 3rd period - Slapshot by Alex Grant.
2:50 of 3rd period - Shot Misses the Net.
2:52 of 3rd period - Snap shot by Tyler Pitlick.
2:52 of 3rd period - Stopped by Parker Milner with a rebound.
2:54 of 3rd period - Slapshot by Kevin Connauton.
2:54 of 3rd period - Stopped by Parker Milner without a rebound.
2:55 of 3rd period - Steven Fogarty wins face-off versus Tye McGinn in Rimouski Oceanic zone.
3:28 of 3rd period - Slapshot by Marco Roy.
3:28 of 3rd period - Shot Blocked by Nick Sorensen.
3:30 of 3rd period - Wrist shot by Zach Sanford.
3:30 of 3rd period - Stopped by Nick Ellis with a rebound.
3:48 of 3rd period - Slapshot by Curtis McKenzie.
3:48 of 3rd period - Shot Misses the Net.
3:57 of 3rd period - Off-side.
3:58 of 3rd period - Kevin Rooney wins face-off versus Marco Roy in neutral zone.
4:03 of 3rd period - Snap shot by Kevin Rooney.
4:03 of 3rd period - Shot Misses the Net.
4:09 of 3rd period - Backhand shot by Zach Sanford.
4:09 of 3rd period - Shot Blocked by Sergei Boikov.
4:20 of 3rd period - Off-side.
4:21 of 3rd period - Tye McGinn wins face-off versus Steven Fogarty in neutral zone.
4:28 of 3rd period - Wrist shot by Tye McGinn.
4:28 of 3rd period - Shot Misses the Net.
4:30 of 3rd period - Wrist shot by Curtis McKenzie.
4:30 of 3rd period - Stopped by Parker Milner with a rebound.
4:32 of 3rd period - Slapshot by Curtis McKenzie.
4:32 of 3rd period - Shot Misses the Net.
4:34 of 3rd period - Snap shot by Curtis McKenzie.
4:34 of 3rd period - Stopped by Parker Milner with a rebound.
4:53 of 3rd period - Wrist shot by Tye McGinn.
4:53 of 3rd period - Deflect By Marco Roy.
4:53 of 3rd period - Goal by Tye McGinn - Drummondville Voltigeurs : 2 - Rimouski Oceanic : 1.
4:54 of 3rd period - Derek Grant wins face-off versus Riley Barber in neutral zone.
4:57 of 3rd period - Wrist shot by Alex Grant.
4:57 of 3rd period - Shot Misses the Net.
4:59 of 3rd period - Minor Penalty to Jordan Nolan for Charging.
5:00 of 3rd period - Nick Paul wins face-off versus Tye McGinn in Rimouski Oceanic zone.
6:32 of 3rd period - Curtis McKenzie is hit by Bobby Farnham and loses puck.
6:59 of 3rd period - Penalty to Jordan Nolan is over, Jordan Nolan is back on ice.
7:06 of 3rd period - Mark Alt is hit by Kevin Rooney and loses puck.
7:40 of 3rd period - Icing by Riley Barber.
7:41 of 3rd period - Steven Fogarty wins face-off versus Derek Grant in Rimouski Oceanic zone.
7:46 of 3rd period - Snap shot by Bobby Farnham.
7:46 of 3rd period - Shot Misses the Net.
8:02 of 3rd period - Snap shot by Zach Sanford.
8:02 of 3rd period - Shot Misses the Net.
8:04 of 3rd period - Slapshot by Andreas Englund.
8:04 of 3rd period - Shot Misses the Net.
9:03 of 3rd period - Wrist shot by Zach Sanford.
9:03 of 3rd period - Stopped by Nick Ellis with a rebound.
9:23 of 3rd period - Off-side.
9:24 of 3rd period - Marco Roy wins face-off versus Mark Olver in neutral zone.
9:49 of 3rd period - Mikkel Aagaard is hit by Kevin Connauton and loses puck.
9:54 of 3rd period - Snap shot by Derek Grant.
9:54 of 3rd period - Stopped by Parker Milner with a rebound.
9:56 of 3rd period - Slapshot by Kevin Connauton.
9:56 of 3rd period - Stopped by Parker Milner with a rebound.
9:58 of 3rd period - Snap shot by Kevin Connauton.
9:58 of 3rd period - Stopped by Parker Milner without a rebound.
9:59 of 3rd period - Tye McGinn wins face-off versus Nick Paul in Rimouski Oceanic zone.
10:09 of 3rd period - Snap shot by Phillip Di Guiseppe.
10:09 of 3rd period - Stopped by Parker Milner with a rebound.
10:11 of 3rd period - Wrist shot by Tye McGinn.
10:11 of 3rd period - Shot Misses the Net.
10:13 of 3rd period - Slapshot by Julius Honka.
10:13 of 3rd period - Shot Misses the Net.
10:15 of 3rd period - Slapshot by Curtis McKenzie.
10:15 of 3rd period - Shot Misses the Net.
10:25 of 3rd period - Snap shot by Derek Grant.
10:25 of 3rd period - Shot Misses the Net.
10:27 of 3rd period - Wrist shot by Kevin Tansey.
10:27 of 3rd period - Stopped by Parker Milner with a rebound.
10:29 of 3rd period - Slapshot by Sergei Boikov.
10:29 of 3rd period - Deflect By Tyler Pitlick.
10:29 of 3rd period - Shot Misses the Net.
10:29 of 3rd period - Puck is out of play.
10:30 of 3rd period - Steven Fogarty wins face-off versus Derek Grant in Rimouski Oceanic zone.
10:55 of 3rd period - Wrist shot by Nick Sorensen.
10:55 of 3rd period - Deflect By Jean-Sebastien Dea.
10:55 of 3rd period - Goal by Jean-Sebastien Dea - Drummondville Voltigeurs : 3 - Rimouski Oceanic : 1.
10:56 of 3rd period - Nick Paul wins face-off versus Tye McGinn in neutral zone.
11:31 of 3rd period - Wrist shot by Derek Grant.
11:31 of 3rd period - Deflect By Chris Thorburn.
11:31 of 3rd period - Goal by Chris Thorburn - Drummondville Voltigeurs : 4 - Rimouski Oceanic : 1.
11:32 of 3rd period - Tye McGinn wins face-off versus Nick Paul in neutral zone.
11:59 of 3rd period - Zach Redmond is hit by Alex Grant and loses puck.
12:04 of 3rd period - Snap shot by Julius Honka.
12:04 of 3rd period - Stopped by Parker Milner with a rebound.
12:06 of 3rd period - Slapshot by Seth Helgeson.
12:06 of 3rd period - Stopped by Parker Milner with a rebound.
12:31 of 3rd period - Mark Alt is hit by Seth Helgeson and loses puck.
12:52 of 3rd period - Mark Olver is hit by Jordan Nolan and loses puck.
14:03 of 3rd period - Minor Penalty to Joe Whitney for Roughing.
14:04 of 3rd period - Derek Grant wins face-off versus Nick Paul in Rimouski Oceanic zone.
14:04 of 3rd period - Snap shot by Julius Honka.
14:04 of 3rd period - Shot Blocked by Zach Redmond.
14:06 of 3rd period - Wrist shot by Chris Thorburn.
14:06 of 3rd period - Goal by Chris Thorburn - Drummondville Voltigeurs : 5 - Rimouski Oceanic : 1.
14:07 of 3rd period - Nick Paul wins face-off versus Tye McGinn in neutral zone.
14:10 of 3rd period - Slapshot by Taylor Fedun.
14:10 of 3rd period - Stopped by Nick Ellis without a rebound.
14:11 of 3rd period - Curtis McKenzie wins face-off versus Nick Paul in Drummondville Voltigeurs zone.
14:15 of 3rd period - Alex Grant is hit by Jordan Nolan and loses puck.
14:22 of 3rd period - Wrist shot by Riley Barber.
14:22 of 3rd period - Shot Misses the Net.
14:23 of 3rd period - Tye McGinn beats up Riley Barber.
14:23 of 3rd period - Penalty to Riley Barber for Fighting.
14:23 of 3rd period - Penalty to Tye McGinn for Fighting.
14:23 of 3rd period - Penalty to Tye McGinn for instigated a fight.
14:23 of 3rd period - Penalty to Tye McGinn for instigated a fight.
14:24 of 3rd period - Curtis McKenzie wins face-off versus Nick Paul in Drummondville Voltigeurs zone.
14:39 of 3rd period - Snap shot by Zach Sanford.
14:39 of 3rd period - Goal by Zach Sanford - Drummondville Voltigeurs : 5 - Rimouski Oceanic : 2.
14:40 of 3rd period - Jean-Sebastien Dea wins face-off versus Nick Paul in neutral zone.
15:07 of 3rd period - Bobby Farnham is hit by Chris Thorburn and loses puck.
17:00 of 3rd period - Mikkel Aagaard is hit by Phillip Di Guiseppe and loses puck.
18:04 of 3rd period - Icing by Nick Paul.
18:05 of 3rd period - Nick Paul wins face-off versus Derek Grant in Rimouski Oceanic zone.
18:25 of 3rd period - Snap shot by Zach Sanford.
18:25 of 3rd period - Shot Misses the Net.
18:27 of 3rd period - Snap shot by Marco Roy.
18:27 of 3rd period - Stopped by Nick Ellis without a rebound.
18:28 of 3rd period - Marco Roy wins face-off versus Jean-Sebastien Dea in Drummondville Voltigeurs zone.
18:29 of 3rd period - Wrist shot by Zach Sanford.
18:29 of 3rd period - Shot Blocked by Phillip Di Guiseppe.
18:31 of 3rd period - Slapshot by Zach Redmond.
18:31 of 3rd period - Deflect By Alexandre Ranger.
18:31 of 3rd period - Goal by Alexandre Ranger - Drummondville Voltigeurs : 5 - Rimouski Oceanic : 3.
18:32 of 3rd period - Zach Sanford wins face-off versus Jean-Sebastien Dea in neutral zone.
18:35 of 3rd period - Wrist shot by Taylor Fedun.
18:35 of 3rd period - Deflect By Nick Paul.
18:35 of 3rd period - Shot Misses the Net.
18:35 of 3rd period - Puck is out of play.
18:36 of 3rd period - Jean-Sebastien Dea wins face-off versus Nick Paul in Drummondville Voltigeurs zone.
18:36 of 3rd period - Jean-Sebastien Dea is hit by Jordan Nolan.
19:06 of 3rd period - Snap shot by Bobby Farnham.
19:06 of 3rd period - Stopped by Nick Ellis without a rebound.
19:07 of 3rd period - Nick Paul wins face-off versus Chris Thorburn in Drummondville Voltigeurs zone.
19:18 of 3rd period - Mattias Backman is hit by Derek Grant.
19:36 of 3rd period - Seth Helgeson is hit by Andreas Englund and loses puck.
Goals for this period are 4 for Drummondville Voltigeurs vs 3 for Rimouski Oceanic.
Shots for this period are 17 for Drummondville Voltigeurs vs 9 for Rimouski Oceanic.